Construct Infanterie Kompanie
Selects Terror Battlegroup
Selects Machine Gun Camouflage
Construct Luftwaffe Kompanie
Flak 30 Anti-aircraft Gun Team
Luftwaffe Officer Quarters
Selects Defend the Fatherland
Construct Panzergrenadier Kompanie
Construct Panzer Kompanie
Panzergrenadier Officer Quarters
Selects King Tiger Heavy Tank
Nebelwerfer 42 Rocket Launcher Team
Marder III M Tank Destroyer
Selects Propaganda Leaflet Drop
Nebelwerfer 42 Rocket Launcher Team